 Dungeon Crawl Stone Soup version 0.14-a0-19-g3ffea20 (console) character file.

719 5ubbak the Cudgeler (level 7, 0/54 HPs)
             Began as a Djinni Fighter on Sept 25, 2013.
             Was an Initiate of Ashenzari.
             Slain by a gnoll
             ... wielding a +0,+0 club
              (1 damage)
             ... on Level 4 of the Dungeon.
             The game lasted 00:11:52 (3208 turns).

5ubbak the Cudgeler (Djinni Fighter)                Turns: 3208, Time: 00:11:52

HP   0/54        AC  9     Str 18      XL: 7   Next:  0%
MP   0/0         EV  5     Int  8      God: Ashenzari [......]
Gold 203         SH 20     Dex 13      Spells:  0 memorised,  6 levels left

Res.Fire  : + + +   See Invis. : .   a - +1,+2 orc flail (curse)
Res.Cold  : . . .   Warding    : .   C - +0 chain mail (curse)
Life Prot.: + + +   Conserve   : .   c - +1 shield (curse)
Res.Poison: .       Res.Corr.  : .   (no helmet)
Res.Elec. : .       Clarity    : .   (no cloak)
Sust.Abil.: . .     Spirit.Shd : .   (no gloves)
Res.Mut.  : .       Stasis     : .   (boots unavailable)
Res.Rott. : .       Flight     : .   (no amulet)
Saprovore : . . .                    (no ring)
                                     p - ring of ice

@: invisible, quite poisoned, very slightly contaminated, slowed, very slow,
slightly resistant to hostile enchantments, extremely unstealthy
A: fire immunity, cold vulnerability, life protection 3
a: Renounce Religion


You were on level 4 of the Dungeon.
You worshipped Ashenzari.
Ashenzari was noncommittal.
You were not hungry.

You visited 1 branch of the dungeon, and saw 4 of its levels.

You collected 183 gold pieces.

Inventory:

Hand weapons
 a - a cursed +1,+2 orcish flail (weapon)
 f - a +3,+0 flail of protection
 k - a +0,+0 mace
 A - a +0,+0 whip
Missiles
 h - 44 stones (quivered)
Armour
 c - a cursed +1 shield (worn)
 C - a cursed +0 chain mail (worn)
Scrolls
 d - 4 scrolls of identify
 g - a scroll of curse weapon
 r - a scroll of remove curse
Jewellery
 p - a ring of ice (left hand)
 w - a cursed -3 ring of strength
Potions
 j - a potion of agility {unknown}
 l - a potion of restore abilities {unknown}
 m - 2 potions of curing
 n - a potion of degeneration {unknown}
 s - 3 potions of resistance
 u - a potion of mutation {unknown}


   Skills:
 + Level 3.9 Fighting
 * Level 5.1 Maces & Flails
 + Level 4.8 Armour
 + Level 4.3 Shields


You had 6 spell levels left.
You didn't know any spells.

Dungeon Overview and Level Annotations

Branches:
Dungeon (4/27)
 Temple: D:4-7

Altars:
Ashenzari
Cheibriados
Kikubaaqudgha
Trog
Yredelemnul

Annotations:
D:4 Menkaure


Innate Abilities, Weirdness & Mutations

You are immune to all types of fire, even holy and hellish.
You are vulnerable to cold.
You need no food.
You have no legs.
You are immune to negative energy.


Message History

Drink which item? (? for menu, Esc to quit)
You fade into invisibility!
It was a potion of invisibility.
You block the gnoll's attack. The hobgoblin hits you.
* * * LOW HITPOINT WARNING * * *
The gnoll hits you but does no damage. The gnoll hits you.
* * * LOW HITPOINT WARNING * * *
You are very lightly contaminated with residual magic.
A giant newt comes into view.
The hobgoblin zaps a wand.
You resist. Menkaure breathes soot at you.
The gnoll hits you but does no damage.
There is an open door here.
Drink which item? (? for menu, Esc to quit)
That liquid tasted very nasty...
You are poisoned.
It was a potion of poison.
* * * LOW HITPOINT WARNING * * *
You feel sick. The gnoll closely misses you. You block Menkaure's attack.
The gnoll hits you with a club.
You die...

#.########............
#....
.........##..M.#.....
#.... #.######.##.##.#
#### #.... #.#
#.#####.# #.... #.#
#.)..##.###### #....
#.# ####.##.#....###
##.#. #.#
#....(......# #.## ..#
###.##l#....# #.## ..#
#..###@###... #.##
..#########'##gggM.# .
#.##
.(...........#§g...#
#.##
.............#.§_..#
###.##
.............#.....#
......
.............#######
......
..#####........# .....
..# #........##. ....
#.# #........... ...


You could see Menkaure, 3 gnolls, a hobgoblin and a giant newt.

Vanquished Creatures
  Edmund (D:4)
  An ogre (D:4)
  2 scorpions (D:4)
  A hound (D:4)
  2 worker ants
  An iguana (D:4)
  An ogre skeleton (D:3)
  6 adders
  3 giant geckos
  7 orcs
  3 giant cockroaches (D:3)
  7 hobgoblins
  6 kobolds
  3 quokkas
  5 bats
  A giant newt (D:3)
  8 goblins
  4 jackals (D:2)
  A jackal skeleton (D:4)
  37 rats
100 creatures vanquished.

Notes
Turn   | Place    | Note
--------------------------------------------------------------
     0 | D:1      | 5ubbak, the Djinni Fighter, began the quest for the Orb.
     0 | D:1      | Reached XP level 1. HP: 16/16 MP: 0/0
   426 | D:1      | Reached XP level 2. EP: 15/22
   844 | D:2      | Found a basalt altar of Yredelemnul.
   847 | D:2      | Found a snail-covered altar of Cheibriados.
   997 | D:2      | Reached XP level 3. EP: 29/29
  1160 | D:2      | Found a bloodstained altar of Trog.
  1293 | D:2      | Found an ancient bone altar of Kikubaaqudgha.
  1296 | D:2      | Found a shattered altar of Ashenzari.
  1609 | D:3      | Reached XP level 4. EP: 35/35
  1728 | D:3      | Reached skill level 4 in Armour
  2103 | D:2      | Became a worshipper of Ashenzari the Shackled
  2458 | D:3      | Reached XP level 5. EP: 41/41
  2575 | D:4      | Noticed Menkaure
  2611 | D:4      | Noticed Edmund
  2635 | D:4      | Killed Edmund
  2635 | D:4      | Reached XP level 6. EP: 38/48
  2820 | D:4      | Noticed an ogre
  2829 | D:4      | Killed an ogre
  3071 | D:4      | Reached skill level 5 in Maces & Flails
  3122 | D:4      | Reached XP level 7. EP: 43/54
  3186 | D:4      | Found a snail-covered altar of Cheibriados.
  3206 | D:4      | HP: 2/54 [gnoll (2)]
  3208 | D:4      | Slain by a gnoll

Action                   |  1- 3 |  4- 6 |  7- 9 || total
-------------------------+-------+-------+-------++-------
Melee: Mace              |    11 |       |       ||    11
       Whip              |   162 |   190 |       ||   352
       Flail             |       |    89 |     5 ||    94
  Use: Scroll            |       |     5 |     6 ||    11
       Potion            |       |     1 |     3 ||     4
